 Dungeon Crawl Stone Soup version 0.31.0-32-g396128a36d (webtiles) character file.

Game seed: 9296859629265492052

62 AdnanSaban the Shield-Bearer (level 4, -2/28 HPs)
             Began as a Gargoyle Fighter on Apr 18, 2024.
             Slain by an orc
             ... wielding a +0 club
              (3 damage)
             ... on level 3 of the Dungeon.
             The game lasted 00:02:41 (1755 turns).

AdnanSaban the Shield-Bearer (Gargoyle Fighter)     Turns: 1755, Time: 00:02:41

Health: -2/28      AC: 10    Str: 21    XL:     4   Next: 8%
Magic:  4/4        EV:  9    Int:  9    God:
Gold:   115        SH:  4    Dex:  9    Spells: 3/3 levels left

rFire   . . .        a - +0 flail
rCold   . . .        c - +0 buckler
rNeg    + . .        b - +0 scale mail
rPois   ∞            (no helmet)
rElec   +            (no cloak)
rCorr   .            (no gloves)
SInv    .            (no boots)
Will    .....        (no amulet) Stlth
                     (no ring)
HPRegen 0.24/turn    (no ring)
MPRegen 0.09/turn

%: no passive effects
@: no status effects
A: sickness immunity, AC +3, negative energy resistance 1, electricity
resistance, torment resistance 1, petrification resistance
a: no special abilities


You were on level 3 of the Dungeon.
You visited 1 branch of the dungeon, and saw 3 of its levels.

You collected 115 gold pieces.

Inventory:

Hand Weapons
 a - a +0 flail (weapon)
Missiles
 h - 3 poisoned darts (quivered)
Armour
 b - a +0 scale mail (worn)
 c - a +0 buckler (worn)
Scrolls
 e - 2 scrolls of vulnerability {unknown}
 f - 3 scrolls of identify {unknown}
Potions
 d - 2 potions of might
 g - 2 potions of lignification {unknown}
 i - a potion of mutation {unknown}


   Skills:
 + Level 3.6 Fighting
 + Level 2.7 Maces & Flails
 + Level 3.7 Armour
 + Level 0.2 Dodging
 + Level 0.2 Stealth
 + Level 4.0 Shields


You had 3 spell levels left.
You didn't know any spells.
Your spell library contained the following spells:

 Spells                   Type           Power      Damage    Failure   Level
 Foxfire                  Conj/Fire      0%         2x1d4     78%         1
 Brom's Barrelling Bould  Conj/Erth      0%         2d3       100%        4
 Fireball                 Conj/Fire      0%         3d3       100%        5
 Iskenderun's Battlesphe  Conj           0%         2d6       100%        5
 Conjure Ball Lightning   Conj/Air       0%         3x3d6     100%        6
 Plasma Beam              Fire/Air       0%         2x1d10    100%        6
 Starburst                Conj/Fire      0%         6d3       100%        6
 Orb of Destruction       Conj           0%         9d5       100%        7


Dungeon Overview and Level Annotations

Branches:
Dungeon (3/15)

Altars:


Innate Abilities, Weirdness & Mutations

You are immune to sickness and miasma.
Your stone body is resilient. (AC +3)
You are immune to poison.
You resist negative energy. (rN+)
You are resistant to electric shocks. (rElec)
You are resistant to unholy torment.
You are immune to petrification.


Message History

You hit the orc priest.
The orc priest is severely wounded.
The orc priest looks satisfied for a moment.
You block the orc's attack.
The orc priest hits you with a +0 short sword.
You block the orc's attack.
You barely miss the orc priest.
The orc priest is severely wounded.
You block the orc priest's attack. The orc barely misses you.
You hit the orc priest but do no damage.
The orc priest is severely wounded.
The orc priest hits you with a +0 short sword.
You block the orc's attack.
You barely miss the orc priest.
The orc priest is severely wounded.
The orc priest hits you but does no damage.
The orc hits you with a +0 club.
You are too injured to fight recklessly!
You are too injured to fight recklessly!
You are too injured to fight recklessly!
You are too injured to fight recklessly!
You are too injured to fight recklessly!
You are too injured to fight recklessly!
Unknown command.
You closely miss the orc priest.
The orc priest is severely wounded.
The orc priest invokes the aid of Beogh against you.
Beogh smites you!
* * * LOW HITPOINT WARNING * * *
The orc hits you with a +0 club.
* * * LOW HITPOINT WARNING * * *
The orc priest hits you with a +0 short sword.
* * * LOW HITPOINT WARNING * * *
You block the orc's attack.
You hit the orc priest but do no damage.
The orc priest is severely wounded.
The orc priest hits you with a +0 short sword.
* * * LOW HITPOINT WARNING * * *
The orc hits you with a +0 club.
You die...

### #.. ###### ###
#.# #######
.....###.## #.# #
####......
†.##.#..#.#####.##.#
#........#
#.##...###......@oo#
#.#......o
#.......#.#####.#o.#
#.#..###.#
####.....## #.#..#
#.#..###.#
####.#.### #.#..#
#.#....#.# .....#.#
#....# #........#
######.# ###.##
###.##.### #+# .#
#.##.### .. #.......
####.###


You could see an orc priest and 2 orcs.

Vanquished Creatures
  A white imp (D:3)
  A ribbon worm (D:3)
  3 dart slugs
  5 orcs
  4 bats
  6 endoplasms
  A hobgoblin (D:1)
  4 jackals (D:2)
  4 kobolds
  4 quokkas
  3 ball pythons
  A frilled lizard (D:1)
  A rat (D:3)
38 creatures vanquished.

Notes
Turn   | Place    | Note
-------+----------+-------------------------------------------
     0 | D:1      | AdnanSaban the Gargoyle Fighter began the quest for the
                  | Orb.
     0 | D:1      | Reached XP level 1. HP: 14/14 MP: 1/1
   328 | D:1      | Reached XP level 2. HP: 18/19 MP: 2/2
   859 | D:2      | Reached XP level 3. HP: 23/23 MP: 3/3
  1114 | D:3      | Reached skill level 4 in Shields
  1620 | D:3      | Reached XP level 4. HP: 17/28 MP: 4/4
  1755 | D:3      | HP: 1/28 [orc priest/+0 short sword (2)]
  1755 | D:3      | Slain by an orc

Illustrated notes

Levels and vault maps discovered:
D:1:      minmay_arrival_open_corners, layout_loops_cross
D:2:      layout_rooms
D:3:      layout_loops_corners

Skill      XL: |  1  2  3 |
---------------+----------+-----
Shields        | 4 |  4.0
Fighting       | |  3.6
Maces & Flails | |  2.7
Armour         | |  3.7
Dodging        | |  0.2
Stealth        | |  0.2

Action                     |  1- 3 |  4- 6 || total
---------------------------+-------+-------++-------
  Melee: Flail             |   118 |    19 ||   137
 Armour: Scale mail        |    76 |    22 ||    98
  Dodge: Dodged            |    49 |     6 ||    55
  Block: Buckler           |    38 |     7 ||    45
